 Dungeon Crawl Stone Soup version 0.18-a0-1350-g404b4cb (webtiles) character file.

109 Kidiri the Magician (level 4, 0/25 HPs)
             Began as a Deep Elf Wizard on Feb 18, 2016.
             Slain by Sigmund
             ... wielding a +0 scythe
              (6 damage)
             ... on level 2 of the Dungeon.
             The game lasted 00:09:41 (3204 turns).

Kidiri the Magician (Deep Elf Wizard)               Turns: 3204, Time: 00:09:41

Health: 0/25       AC:  3    Str:  4    XL:     4   Next: 59%
Magic:  13/13      EV: 12    Int: 24    God:
Gold:   128        SH:  0    Dex: 13    Spells: 6 memorised, 1 level left

rFire  . . .     SeeInvis .     g - +0 short sword
rCold  . . .     Gourm    .     a - +0 robe
rNeg   . . .     Faith    .     f - +0 buckler
rPois  .         Spirit   .     e - +0 helmet
rElec  .         Dismiss  .     (no cloak)
rCorr  .         Reflect  .     (no gloves)
SustAt .         Harm     .     (no boots)
MR     .....                    n - amulet of inaccuracy (curse)
Stlth  +.........               (no ring)
                                (no ring)

@: confused, very slightly contaminated, not resistant to hostile enchantments,
very unstealthy
A: no striking features
a: no special abilities


You were on level 2 of the Dungeon.
You were hungry.

You visited 1 branch of the dungeon, and saw 2 of its levels.

You collected 128 gold pieces.

Inventory:

Hand Weapons
 g - a +0 short sword (weapon)
 m - a +0 dagger of distortion
Armour
 a - a +0 robe (worn)
 b - a +0 hat
 e - a +0 helmet (worn)
 f - a +0 buckler (worn)
Jewellery
 n - a cursed amulet of inaccuracy (around neck)
Scrolls
 h - a scroll of identify
 i - a scroll of magic mapping
 j - a scroll of immolation
Potions
 o - a potion of flight {unknown}
Books
 c - a book of Minor Magic

   Spells                             Type                      Level
   a - Magic Dart                     Conjuration                  1
   b - Blink                          Translocation                2
   c - Call Imp                       Summoning                    2
   d - Repel Missiles                 Charms/Air                   2
   e - Slow                           Hexes                        2
   f - Conjure Flame                  Conjuration/Fire             3
   g - Mephitic Cloud                 Conjuration/Poison/Air       3
Comestibles
 d - 2 bread rations
 k - 3 chunks of flesh


   Skills:
 + Level 1.0 Fighting
 + Level 0.5 Armour
 * Level 3.2 Dodging
 + Level 2.9 Stealth
 * Level 0.2 Shields
 * Level 5.0 Spellcasting
 + Level 1.7 Conjurations
 + Level 0.3 Hexes
 + Level 0.8 Charms
 + Level 1.7 Summonings
 + Level 1.4 Translocations
 + Level 1.0 Air Magic


You had one spell level left.
You knew the following spells:

 Your Spells              Type           Power        Failure   Level  Hunger
a - Magic Dart            Conj           ##..         10%         1    None
b - Blink                 Tloc           N/A          14%         2    None
c - Call Imp              Summ           ##......     14%         2    None
d - Repel Missiles        Chrm/Air       ##....       17%         2    None
e - Slow                  Hex            #.......     21%         2    None
f - Conjure Flame         Conj/Fire      ##......     30%         3    ##.....


Dungeon Overview and Level Annotations

Branches:
Dungeon (2/15)

Altars:
Nemelex Xobeh

Annotations:
D:2 Sigmund


Message History

You bump into the rock wall.
You hear some strange, mumbled words.
You are more confused.
You hear some strange, mumbled words.
You are more confused.
A hobgoblin comes into view. It is wielding a club.
You see here 3 stones.
You closely miss something. Something hits you.
You miss something. Something hits you!
* * * LOW HITPOINT WARNING * * *
Unknown command.
Drink which item? (? for menu, Esc to quit)
Okay, then.
Unknown command.
You bump into the rock wall.
The hobgoblin shouts!
You bump into the rock wall.
Something hits you but does no damage.
Unknown command.
You bump into the rock wall.
Something hits you.
You die...

......### #.........###
##.#### #.##.#.....>....
#. #............## #.
######........# #.
#.............######
#.######.#####.....#
#.#### #.........#.#
.......#######.#.#.###
.......K.@...#.........
.........####.#....#.###
##....... #.##..># #
#...... #......# ...
######## .. .


You could see a kobold.

Vanquished Creatures
  An iguana (D:1)
  2 gnolls
  An ooze (D:2)
  A worm (D:2)
  4 giant geckos
  8 bats
  3 giant cockroaches (D:1)
  3 goblins
  7 hobgoblins (D:1)
  7 jackals
  3 giant newts
  6 kobolds
  4 rats
50 creatures vanquished.

Vanquished Creatures (collateral kills)
  A worm (D:2)
  2 jackals (D:2)
3 creatures vanquished.

Grand Total: 53 creatures vanquished

Notes
Turn   | Place    | Note
--------------------------------------------------------------
     0 | D:1      | Kidiri the Deep Elf Wizard began the quest for the Orb.
     0 | D:1      | Reached XP level 1. HP: 10/10 MP: 7/7
   328 | D:1      | Reached XP level 2. HP: 15/15 MP: 5/9
   332 | D:1      | Learned a level 2 spell: Blink
   335 | D:1      | Learned a level 2 spell: Call Imp
   338 | D:1      | Learned a level 2 spell: Repel Missiles
   341 | D:1      | Learned a level 2 spell: Slow
   626 | D:1      | Found a sparkling altar of Nemelex Xobeh.
  1300 | D:1      | Reached XP level 3. HP: 20/20 MP: 9/11
  2230 | D:2      | Reached skill level 1 in Fighting
  2231 | D:2      | Reached XP level 4. HP: 20/25 MP: 0/12
  2473 | D:1      | Learned a level 3 spell: Conjure Flame
  2774 | D:1      | Reached skill level 5 in Spellcasting
  2774 | D:1      | Reached skill level 1 in Air Magic
  3149 | D:2      | Noticed Sigmund
  3204 | D:2      | Slain by Sigmund

Vault maps used:
D:1:      eino_arrival_tree_alley, nemelex_diamond_rough_becter
D:2:      first_bread, uniq_sigmund

Action                   |  1- 3 |  4- 6 || total
-------------------------+-------+-------++-------
Melee: Short sword       |    22 |    33 ||    55
       Club              |     9 |       ||     9
 Cast: Magic Dart        |    91 |    38 ||   129
       Call Imp          |     4 |     3 ||     7
       Conjure Flame     |       |     2 ||     2
  Use: Scroll            |     5 |       ||     5
       Potion            |     1 |     2 ||     3
 Stab: Sleeping          |     1 |       ||     1
  Eat: Chunk             |     2 |       ||     2
       Bread ration      |     1 |       ||     1
